AoeStats
← 冥想控

Arabia

510171554Analyzed
1v1 RM · 2d ago on Sep 29, 2026· 18m 32s· 2 players
Game mode
Random Map
Map size
Tiny (2 player)
Population
200
Speed
Normal
Resources
Standard
Victory
Conquest
Starting age
Dark Age
Ending age
Imperial Age
RankedLock teamsTeams togetherTeam positionsShared explorationLock speedFull tech treeHidden civsTurbo modeCheats
Victory
Defeat
🇨🇳 Inca · China
2053
+12
🇵🇱 Inca · Poland
1965
-12
ELEOS | wosm
6:50 Loom
8:43 Feudal Age
8:24 Loom
8:51 Champi Runner
9:26 Double-Bit Axe
15:54 Town Watch
19:43 Castle Age
冥想控
8:45 Feudal Age
8:25 Loom
8:55 Champi Runner
9:38 Double-Bit Axe
14:31 Arson
17:07 Forging
17:49 Wheelbarrow
17:58 Scale Mail Armor
Connection lost

Rejoining the realm…

Still unreachable

The connection could not be restored.

Session expired

The server has moved on; the page needs a fresh start.